 Dungeon Crawl Stone Soup version 0.14-a0-2061-g6c6fb9c (webtiles) character file.

584 M4edhros the Slinger (level 7, -1/43 HPs)
             Began as an Octopode Hunter on Jan 22, 2014.
             Slain by M4edhros' ghost (2 damage)
             ... on Level 5 of the Dungeon.
             The game lasted 00:04:33 (3758 turns).

M4edhros the Slinger (Octopode Hunter)              Turns: 3758, Time: 00:04:33

HP  -1/43        AC  1     Str 11      XL: 7   Next:  4%
MP   7/7         EV 12     Int 14      God:
Gold 136         SH  0     Dex 14      Spells:  0 memorised,  6 levels left

rFire  . . .     SeeInvis .     b - +1 sling
rCold  . . .     Clarity  .     (no shield)
rNeg   . . .     Conserve .     (helmet restricted)
rPois  .         rCorr    .     (no amulet)
rElec  .         rRot     .     h - ring of wizardry
SustAb . .       Spirit   .     o - ring of flight
rMut   .         Warding  .     (no ring)
Saprov . . .     Stasis   .     (no ring)
MR     .....                    (no ring)
                                (no ring)
                                (no ring)
                                (no ring)

@: not resistant to hostile enchantments, stealthy
A: almost no armour, amphibious, 8 rings, constrict 8, camouflage 1, gelatinous
body 1
a: Evoke Flight


You were on level 5 of the Dungeon.
You were not hungry.

You visited 1 branch of the dungeon, and saw 5 of its levels.

You collected 136 gold pieces.

Inventory:

Hand weapons
 a - a +0,+0 short sword
 b - a +1,+1 sling (weapon)
Missiles
 c - 5 sling bullets (quivered)
 l - 72 stones
Magical devices
 v - a wand of frost (5) {unknown}
 w - a wand of heal wounds (8) {unknown}
Comestibles
 f - 2 bread rations
 i - 3 chokos
 t - a pear
Scrolls
 d - 2 scrolls of enchant weapon II {unknown}
 e - a scroll of random uselessness {unknown}
 g - 3 scrolls of teleportation {unknown}
 j - 4 scrolls of remove curse
 k - 2 scrolls of identify {unknown}
 m - 3 scrolls of curse armour {unknown}
 q - a scroll of fog {unknown}
 x - a scroll of fear {unknown}
 z - a scroll of magic mapping {unknown}
Jewellery
 h - a ring of wizardry (left tentacle)
 o - a ring of flight (right tentacle)
Potions
 n - a potion of brilliance {unknown}
 p - 2 potions of might {unknown}
 r - a potion of poison {unknown}
 s - a potion of curing
 u - a potion of heal wounds {unknown}
Books
 y - a book of Battle

   Spells                             Type                      Level
   Infusion                           Charms                       1
   Shroud of Golubria                 Charms/Translocation         2
   Song of Slaying                    Charms                       2
   Spectral Weapon                    Hexes/Charms                 3
   Regeneration                       Charms/Necromancy            3


   Skills:
 - Level 1.0 Fighting
 + Level 8.2 Slings
 - Level 2.0 Dodging
 - Level 1.3 Stealth


You had 6 spell levels left.
You didn't know any spells.

Dungeon Overview and Level Annotations

Branches:
Dungeon (5/16)
 Temple: D:4-7

Altars:

Annotations:
D:5 M4edhros' ghost, experienced OpHu


Innate Abilities, Weirdness & Mutations

You cannot wear most types of armour.
You are amphibious.
You can wear up to eight rings at the same time.
You can use your tentacles to constrict many enemies at once.
Your skin changes colour to match your surroundings (Stlth).
Your rubbery body absorbs attacks (AC +1).


Message History

Aim: M4edhros' ghost (moderately damaged)
You shoot a sling bullet. The sling bullet hits M4edhros' ghost.
M4edhros' ghost is severely damaged.
M4edhros' ghost hits you!
You are electrocuted!
Firing (i - inventory. (,) - cycle):
c - 7 sling bullets (quivered)
Press: ? - help, Shift-Dir - straight line, f/p - M4edhros' ghost
Aim: M4edhros' ghost (severely damaged)
You shoot a sling bullet.
The sling bullet misses M4edhros' ghost.
M4edhros' ghost hits you!
* * * LOW HITPOINT WARNING * * *
Firing (i - inventory. (,) - cycle):
c - 6 sling bullets (quivered)
Press: ? - help, Shift-Dir - straight line, f/p - M4edhros' ghost
Aim: M4edhros' ghost (severely damaged)
You shoot a sling bullet.
The sling bullet misses M4edhros' ghost.
M4edhros' ghost hits you.
* * * LOW HITPOINT WARNING * * *
M4edhros' ghost freezes you.
You die...

. #########..
.............
..............(
.............(.
............(..
..........(......
........@p......(
.................
#.......#######
#.......#
#.......#
.......# ......#
.....# ..#


You could see M4edhros' ghost.

Vanquished Creatures
  The ghost of temujin the Insei, an average DgTm (D:4)
  An ogre (D:4)
  A giant frog skeleton (D:4)
  A worker ant (D:4)
  3 gnolls (D:2)
  10 adders
  A worm (D:3)
  A giant gecko (D:3)
  3 orcs
  2 giant cockroaches
  10 goblins
  6 hobgoblins
  2 jackals (D:2)
  8 kobolds
  A quokka (D:4)
  3 ball pythons
  8 bats
  7 giant newts
  7 rats
  3 plants (D:2)
79 creatures vanquished.

Notes
Turn   | Place    | Note
--------------------------------------------------------------
     0 | D:1      | M4edhros, the Octopode Hunter, began the quest for the Orb.
     0 | D:1      | Reached XP level 1. HP: 13/13 MP: 1/1
   153 | D:1      | Reached XP level 2. HP: 18/18 MP: 2/2
   773 | D:2      | Reached XP level 3. HP: 23/23 MP: 3/3
   787 | D:2      | Reached skill level 5 in Slings
   873 | D:2      | Reached XP level 4. HP: 28/28 MP: 4/4
  1342 | D:2      | Reached skill level 6 in Slings
  1534 | D:2      | Reached XP level 5. HP: 33/33 MP: 5/5
  2983 | D:4      | Noticed an ogre
  2991 | D:4      | Killed an ogre
  2991 | D:4      | Reached skill level 7 in Slings
  2991 | D:4      | Reached XP level 6. HP: 38/38 MP: 6/6
  3078 | D:4      | Noticed temujin's ghost (average DgTm)
  3098 | D:4      | Killed temujin's ghost
  3098 | D:4      | Reached skill level 8 in Slings
  3682 | D:4      | Reached XP level 7. HP: 41/43 MP: 7/7
  3750 | D:5      | Entered Level 5 of the Dungeon
  3750 | D:5      | Noticed M4edhros' ghost (experienced OpHu)
  3758 | D:5      | HP: 1/43 [M4edhros' ghost (6)]
  3758 | D:5      | Slain by M4edhros' ghost

Action                   |  1- 3 |  4- 6 |  7- 9 || total
-------------------------+-------+-------+-------++-------
Melee: Short sword       |       |    74 |       ||    74
 Fire: Sling             |    66 |   127 |     9 ||   202
  Use: Potion            |     2 |     2 |       ||     4
       Scroll            |       |       |     1 ||     1
 Stab: Sleeping          |       |     2 |       ||     2
